 Dungeon Crawl Stone Soup version 0.29-a0-298-g3c90f9a769 (webtiles) character file.

Game seed: 10201511211055442484

182 Dabor the Magician (level 5, -3/28 HPs)
             Began as a Deep Elf Venom Mage on Mar 23, 2022.
             Was an Initiate of Ashenzari.
             Killed from afar by an orc wizard (8 damage)
             ... with a puff of flame
             ... on level 3 of the Dungeon.
             The game lasted 00:06:19 (3918 turns).

Dabor the Magician (Deep Elf Venom Mage)            Turns: 3918, Time: 00:06:19

Health: -3/28      AC:  3    Str:  5    XL:     5   Next: 34%
Magic:  3/13       EV: 13    Int: 22    God:    Ashenzari [......]
Gold:   133        SH:  0    Dex: 15    Spells: 9/12 levels left

rFire   . . .      SeeInvis .   n - +3 dagger (freeze)
rCold   . . .      Faith    .   (no shield)
rNeg    . . .      Spirit   .   a - +0 robe of Supernal Knowledge {Melee, Elem} (curse)
rPois   +          Reflect  .   (no helmet)
rElec   .          Harm     .   r - +0 cloak
rCorr   .          Rampage  .   (no gloves)
Will    .....                   (no boots)
Stlth   +++.......              (no amulet)
HPRegen 0.09/turn               v - ring of poison resistance
MPRegen 0.13/turn               (no ring)

@: no status effects
A: no striking features
a: Renounce Religion, Curse Item, Shatter the Chains


You were on level 3 of the Dungeon.
You worshipped Ashenzari.
Ashenzari was noncommittal.
You visited 1 branch of the dungeon, and saw 3 of its levels.

You collected 133 gold pieces.

Inventory:

Hand Weapons
 m - a +0 short sword
 n - a +3 dagger of freezing (weapon)
Missiles
 t - a throwing net
Armour
 a - the cursed +0 robe of Supernal Knowledge (worn) {Melee, Elem}

   It has a curse which improves the following skills: Melee Combat: Short
   Blades, Long Blades, Axes, Maces & Flails, Polearms, Staves and Unarmed
   Combat.
   Elements:  Fire Magic, Ice Magic, Air Magic and Earth Magic.
 r - a +0 cloak (worn)
Jewellery
 k - an amulet of guardian spirit
 s - an amulet of guardian spirit
 v - a ring of poison resistance (left hand)
Scrolls
 d - a scroll of teleportation
 f - a scroll of amnesia
 o - a scroll of blinking
Potions
 b - a potion of magic
 c - a potion of ambrosia
 e - a potion of curing
 i - a potion of mutation {unknown}
 l - a potion of lignification {unknown}
 u - a potion of degeneration {unknown}


   Skills:
 + Level 3.7 Dodging
 + Level 3.9 Stealth
 + Level 4.3 Spellcasting
 + Level 2.6 Transmutations
 + Level 4.1 Poison Magic


You had 9 spell levels left.
You knew the following spells:

 Your Spells              Type           Power      Damage    Failure   Level
a - Sting                 Tmut/Pois      76%        1d6       2%          1
b - Poisonous Vapours     Pois/Air       26%        N/A       7%          2

Your spell library contained the following spells:

 Spells                   Type           Power      Damage    Failure   Level
 Mephitic Cloud           Conj/Pois/Air  10%        N/A       19%         3
 Olgreb's Toxic Radiance  Pois           22%        N/A       21%         4


Dungeon Overview and Level Annotations

Branches:
Dungeon (3/15)

Altars:
Ashenzari


Message History

Aiming: Sting (safe; 2% risk of failure)
Press: ? - help, Shift-Dir - straight line, f - orc
Aim: an orc, wielding a +0 flail (74% to hit)
The sting hits the orc.
The orc is poisoned.
The orc is heavily wounded.
Something hits you but does no damage. The orc barely misses you.
Casting: Sting (safe; 2% risk of failure)
Confirm with . or Enter, or press ? or * to list all spells.
Aiming: Sting (safe; 2% risk of failure)
Press: ? - help, Shift-Dir - straight line, f/p - orc
Aim: an orc, wielding a +0 flail (heavily wounded, poisoned, 74% to hit)
The sting hits the orc.
The orc looks even sicker.
The orc is severely wounded.
Something hits you. The orc hits you with a +0 flail!
* * * LOW HITPOINT WARNING * * *
Casting: Sting (safe; 2% risk of failure)
Confirm with . or Enter, or press ? or * to list all spells.
Aiming: Sting (safe; 2% risk of failure)
Press: ? - help, Shift-Dir - straight line, f/p - orc
Aim: an orc, wielding a +0 flail (severely wounded, very poisoned, 74% to hit)
The sting hits the orc.
The orc looks even sicker.
You kill the orc!
An orc comes into view. It is wielding a +0 hand axe.
Something hits you.
* * * LOW HITPOINT WARNING * * *
You feel better. Something hits you!
* * * LOW HITPOINT WARNING * * *
Casting: Sting (safe; 2% risk of failure)
Confirm with . or Enter, or press ? or * to list all spells.
You can't see any susceptible monsters within range! (Use Z to cast anyway.)
Casting: Sting (safe; 2% risk of failure)
Confirm with . or Enter, or press ? or * to list all spells.
Aiming: Sting (safe; 2% risk of failure)
Press: ? - help, Shift-Dir - straight line The orc shouts!
An orc comes into view. It is wielding a +0 short sword.
You hear some strange, mumbled words.
A puff of flame appears from out of thin air!
The puff of flame hits you!
You die...

...........#.#.#...# ##...##
...................# ##.##
#######......♣...o.########.#
#..♣♣..♣._[.###.......#
#..♣♣..♣...o# #.#######
#..♣♣..♣♣♣♣.###.###
#..♣♣.....{.......#
####..♣♣....)...####.#
#.....♣♣♣♣♣♣♣@..# #.#
#.##..♣♣♣♣♣♣♣..## #.#
#.##...........# #.#
#.##.........).# #.#
#.##..#.######.# #.#
#.###....#####.#####.# #)#
##...............# ####.#
#...############# .....#
#####


You could see 2 orcs.

Vanquished Creatures
  4 gnolls (D:2)
  6 adders
  2 worms (D:2)
  2 dart slugs
  3 orcs (D:3)
  6 endoplasms
  4 giant cockroaches
  7 goblins
  4 hobgoblins
  4 kobolds
  4 quokkas
  8 ball pythons
  7 bats (D:1)
  4 frilled lizards
  10 rats
  A spectral goblin (D:1)
76 creatures vanquished.

Notes
Turn   | Place    | Note
-------+----------+-------------------------------------------
     0 | D:1      | Dabor the Deep Elf Venom Mage began the quest for the Orb.
     0 | D:1      | Reached XP level 1. HP: 10/10 MP: 6/6
   386 | D:1      | Reached XP level 2. HP: 12/15 MP: 2/8
   900 | D:1      | Found a faded altar of an unknown god.
   917 | D:1      | Prayed at the altar of an unknown god.
   917 | D:1      | Became a worshipper of Ashenzari the Shackled
   944 | D:1      | Learned a level 2 spell: Poisonous Vapours
  1089 | D:1      | Reached XP level 3. HP: 19/19 MP: 7/9
  1997 | D:2      | Reached XP level 4. HP: 22/24 MP: 4/11
  2879 | D:2      | Reached XP level 5. HP: 14/28 MP: 11/13
  3306 | D:3      | Found a broken altar of Ashenzari.
  3918 | D:3      | Killed from afar by an orc wizard

Illustrated notes

Levels and vault maps discovered:
D:1:      matt_arrival_grand_opening, layout_loops_cross,
          dreamdust_ecumenical_altar_drowned_temple
D:2:      layout_loops_cross, minmay_heptomino_d4
D:3:      layout_loops_ring, mainiacjoe_overflow_chevrons

Skill      XL: |  1  2  3  4 |
---------------+-------------+-----
Dodging        | 3 |  3.7
Stealth        | 3 |  3.9
Transmutations | 2 |  2.6
Spellcasting   | 4 |  4.3
Poison Magic   | 4 |  4.1

Action                   |  1- 3 |  4- 6 || total
-------------------------+-------+-------++-------
Melee: Unarmed           |     6 |       ||     6
       Dagger            |       |     5 ||     5
 Cast: Sting             |    92 |    88 ||   180
       Poisonous Vapours |       |     8 ||     8
Invok: Curse Item        |     1 |       ||     1
  Use: Potion            |       |     4 ||     4
       Scroll            |       |     7 ||     7
Armor: Robe              |    11 |     7 ||    18
Dodge: Dodged            |    44 |    40 ||    84

Table legend: (Time is in decaauts)
 A = Elapsed time spent in this place.
 B = Non-inter-level travel time spent in this place.
 C = Inter-level travel time spent in this place.
 D = Time resting spent in this place.
 E = Time spent auto-exploring this place.
 F = Levels seen in this place.
 G = Mean time per level.
                   A        B        C        D        E       F      G
               +--------+--------+--------+--------+--------+-----+--------+
         Total |   3921 |   3889 |     32 |      0 |   3327 |   3 | 1307.0 |
       Dungeon |   3921 |   3889 |     32 |      0 |   3327 |   3 | 1307.0 |
               +--------+--------+--------+--------+--------+-----+--------+

Top non-repeatable levels by time:
     D:2: 1903 daAuts
     D:1: 1300 daAuts
     D:3: 717 daAuts
